 Dungeon Crawl Stone Soup version 0.26-a0-712-ga5a9c9c9d0 (webtiles) character file.

Game seed: 957394039772222290

61 Azzok the Skirmisher (level 3, 0/29 HPs)
             Began as a Demonspawn Berserker on Nov 6, 2020.
             Was a Believer of Trog.
             Slain by a river rat (7 damage)
             ... on level 3 of the Dungeon.
             The game lasted 00:02:49 (2090 turns).

Azzok the Skirmisher (Demonspawn Berserker)         Turns: 2090, Time: 00:02:49

Health: 0/29       AC:  3    Str: 18    XL:     3   Next: 83%
Magic:  3/3        EV: 12    Int:  8    God:    Trog [**....]
Gold:   82         SH:  0    Dex: 12    Spells: 2/2 levels left

rFire    . . .     SeeInvis .   a - +0 hand axe
rCold    . . .     Faith    .   (no shield)
rNeg     . . .     Spirit   .   e - +0 leather armour
rPois    .         Reflect  .   (helmet restricted)
rElec    .         Harm     .   (no cloak)
rCorr    .         Rampage  .   (no gloves)
MR       .....                  (no boots)
Stlth    +.........             (no amulet)
HPRegen  0.09/turn              (no ring)
MPRegen  0.08/turn              (no ring)

@: no status effects
A: antennae 1
a: Berserk, Trog's Hand, Renounce Religion


You were on level 3 of the Dungeon.
You worshipped Trog.
Trog was pleased with you.
You visited 1 branch of the dungeon, and saw 3 of its levels.

You collected 82 gold pieces.

Inventory:

Hand Weapons
 a - a +0 hand axe (weapon)
Armour
 e - a +0 leather armour (worn)
Jewellery
 m - an uncursed amulet of faith {unknown}
Scrolls
 b - a scroll of fear {unknown}
 f - 2 scrolls of teleportation {unknown}
 i - a scroll of enchant weapon {unknown}
 j - a scroll of magic mapping {unknown}
 k - 2 scrolls of remove curse {unknown}
 l - a scroll of amnesia {unknown}
Potions
 c - a potion of lignification {unknown}
 d - a potion of curing {unknown}
 g - a potion of mutation {unknown}
 h - a potion of flight {unknown}
 n - a potion of magic {unknown}


   Skills:
 + Level 3.4 Fighting
 + Level 3.2 Axes
 + Level 2.4 Armour
 + Level 2.4 Dodging


You had 2 spell levels left.
You didn't know any spells.
Your spell library was empty.

Dungeon Overview and Level Annotations

Branches:
Dungeon (3/15)

Altars:

Portals:
Sewer: D:3


Innate Abilities, Weirdness & Mutations

You have a pair of small antennae on your head.


Message History

You barely miss the river rat.
The river rat is heavily wounded.
The river rat barely misses you.
You hit the river rat but do no damage.
The river rat is moderately wounded.
The river rat bites you!
You hit the river rat but do no damage.
The river rat is moderately wounded.
The river rat misses you. The river rat closely misses you.
You hit the river rat.
The river rat is heavily wounded.
The river rat bites you.
You barely miss the river rat.
The river rat is heavily wounded.
The river rat bites you.
* * * LOW HITPOINT WARNING * * *
You hit the river rat.
The river rat is heavily wounded.
The river rat bites you!
You die...

·········▒
··≈≈≈····▒
$≈≈≈≈≈···▒
·≈≈∩≈≈···▒
·≈≈≈≈≈···▒
··≈≈≈····▒
······r··▒
·······@·▒
·▒▒▒▒·▒▒·▒
▒·▒▒·▒
▒····▒
▒▒▒·▒▒
▒<·▒ ▒·▒▒
··▒ ▒▒▒▒


You could see a river rat.

Vanquished Creatures
  An orc wizard (D:2)
  A leopard gecko (D:1)
  3 orcs (D:2)
  2 giant cockroaches (D:2)
  6 hobgoblins
  A ball python (D:3)
  2 bats (D:2)
  4 frilled lizards (D:1)
  4 goblins
  A kobold (D:1)
  9 rats
34 creatures vanquished.

Notes
Turn   | Place    | Note
-------+----------+-------------------------------------------
     0 | D:1      | Azzok the Demonspawn Berserker began the quest for the Orb.
     0 | D:1      | Reached XP level 1. HP: 18/18 MP: 1/1
   442 | D:1      | Gained mutation: You have a pair of small antennae on your
                  | head. [demonic ancestry]
   442 | D:1      | Reached XP level 2. HP: 18/24 MP: 2/2
  1268 | D:2      | Reached XP level 3. HP: 24/29 MP: 3/3
  1618 | D:2      | Reached ** piety under Trog
  2077 | D:3      | Found a glowing drain.
  2090 | D:3      | Slain by a river rat

Illustrated notes

Levels and vault maps discovered:
D:1:      scummos_arrival_hexagon, layout_basic
D:2:      layout_basic
D:3:      layout_basic, marbit_many_paths, portal_sewer_entry_a,
          chequers_serial_rivers_micro_e, uniq_sigmund, uniq_ijyb

Skill      XL: |  1  2 |
---------------+-------+-----
Dodging        | 2 |  2.4
Armour         | 2 |  2.4
Axes           | 3 |  3.2
Fighting       | |  3.4

Action                   || total
-------------------------++-------
Melee: Hand axe          ||   103
Invok: Berserk           ||     1
Armor: Leather armour    ||    22
       Animal skin       ||     1
Dodge: Dodged            ||    56

Table legend: (Time is in decaauts)
 A = Elapsed time spent in this place.
 B = Non-inter-level travel time spent in this place.
 C = Inter-level travel time spent in this place.
 D = Time resting spent in this place.
 E = Time spent auto-exploring this place.
 F = Levels seen in this place.
 G = Mean time per level.
                   A        B        C        D        E       F      G
               +--------+--------+--------+--------+--------+-----+--------+
         Total |   2113 |   2010 |    103 |      0 |   1740 |   3 |  704.3 |
       Dungeon |   2113 |   2010 |    103 |      0 |   1740 |   3 |  704.3 |
               +--------+--------+--------+--------+--------+-----+--------+

Top non-repeatable levels by time:
     D:1: 1057 daAuts
     D:2: 1038 daAuts
     D:3: 17 daAuts
